 Dungeon Crawl Stone Soup version 0.29.1-1-gd02db6906a (webtiles) character file.

Game seed: 1639487572832154002

1743 Sanktem7 the Fighter (level 8, -3/79 HPs)
             Began as a Minotaur Fighter on Oct 2, 2022.
             Was an Initiate of Okawaru.
             Slain by a seven-headed hydra (10 damage)
             ... on level 6 of the Dungeon.
             The game lasted 00:10:59 (6711 turns).

Sanktem7 the Fighter (Minotaur Fighter)             Turns: 6711, Time: 00:11:00

Health: -3/79      AC: 17    Str: 29    XL:     8   Next: 77%
Magic:  7/7        EV:  8    Int:  5    God:    Okawaru [......]
Gold:   323        SH:  4    Dex: 10    Spells: 7/7 levels left

rFire   . . .      SeeInvis .   o - +4 flail (vorpal) {mace}
rCold   . . .      Faith    .   c - +0 buckler
rNeg    . . .      Spirit   .   h - +0 chain mail
rPois   .          Reflect  .   (helmet restricted)
rElec   .          Harm     .   v - +2 cloak {Will+}
rCorr   .          Rampage  .   (no gloves)
Will    +....                   m - +0 pair of boots
Stlth   ..........              y - amulet of the acrobat
HPRegen 0.23/turn               r - +6 ring of strength
MPRegen 0.10/turn               b - +4 ring of protection

@: no status effects
A: horns 2, retaliatory headbutt
a: Renounce Religion


You were on level 6 of the Dungeon.
You worshipped Okawaru.
Okawaru was noncommittal.
You visited 1 branch of the dungeon, and saw 6 of its levels.

You collected 323 gold pieces.


Innate Abilities, Weirdness & Mutations

You have a pair of horns on your head.
You reflexively headbutt those who attack you in melee.


   Skills:
 * Level 9.8 Fighting
 - Level 7.0(8.0) Axes
 * Level 5.9(7.5) Maces & Flails
 + Level 3.3 Throwing
 - Level 3.6 Armour
 - Level 3.6 Shields


You had 7 spell levels left.
You didn't know any spells.
Your spell library contained the following spells:

 Spells                   Type           Power      Damage    Failure   Level
 Magic Dart               Conj           0%         1d3       98%         1
 Poisonous Vapours        Pois/Air       0%         N/A       99%         2
 Mephitic Cloud           Conj/Pois/Air  0%         N/A       100%        3
 Corpse Rot               Necr/Pois/Air  0%         N/A       100%        4
 Call Imp                 Summ           Unusable   N/A       N/A         2

Inventory:

Hand Weapons
 a - a +1 war axe {axe}
 o - a +4 vorpal flail (weapon) {mace}
   (You took it off Edmund on level 4 of the Dungeon)
Missiles
 g - 5 atropa-tipped darts {throwing}
 x - 8 poisoned darts (quivered) {throwing}
 A - 13 stones {throwing}
Armour
 c - a +0 buckler (worn)
 h - a +0 chain mail (worn)
   (You found it on level 1 of the Dungeon)
 m - a +0 pair of boots (worn)
   (You found it on level 2 of the Dungeon)
 v - a +2 cloak of willpower (worn)
   (You found it on level 4 of the Dungeon)
Jewellery
 b - a +4 ring of protection (right hand)
   (You took it off a kobold on level 4 of the Dungeon)
 i - a ring of positive energy
   (You found it on level 1 of the Dungeon)
 r - a +6 ring of strength (left hand)
   (You found it on level 5 of the Dungeon)
 y - an amulet of the acrobat (around neck)
   (You found it on level 5 of the Dungeon)
 z - a ring of protection from cold
   (You found it on level 5 of the Dungeon)
Wands
 B - a wand of flame (22)
   (You found it on level 6 of the Dungeon)
Scrolls
 l - a scroll of poison {!r}
 n - 2 scrolls of magic mapping {!r}
 p - 2 scrolls of blinking {!r}
 s - 2 scrolls of identify {@r1}
 t - a scroll of fear
Potions
 d - 2 potions of might
 e - a potion of mutation {unknown}
 f - 2 potions of flight
 j - a potion of invisibility {unknown}
 k - 3 potions of heal wounds {unknown}
 q - a potion of degeneration {unknown}
 u - 3 potions of curing {unknown}
 w - a potion of haste {unknown}
 C - a potion of cancellation {unknown}

Dungeon Overview and Level Annotations

Branches:
Dungeon (6/15) Zot: 25935
 Temple: D:4-7

Altars:
Fedhas
Okawaru
Qazlal
Xom
Zin

Shops:
D:6

* .. .. .. .#
####.###.
[....#.. #$..#.#
# #..#.## .###
#..#..######...
##. #.#........#
#.. #@##.......#
.
#.##.#D##......#
# #.. #.###
c##......# #.##.
#..
##.......###.##.
##.#
##.............
#.†##
##.............
#...#
#...........##.
#..##
##.###...##....
#.)##
#.###...##...<


You could see a seven-headed hydra and a centaur.


Message History

C - a smoky orange potion
s - 2 scrolls of identify {@r1} (gained 1)
You pick up a book of Minor Magic and begin reading...
You add the spells Magic Dart, Call Imp and Mephitic Cloud to your library.
You open the door.
There is an open door here.
You open the door.
There is an open door here.
You open the door.
There is an open door here.
Found a stone staircase leading up.
You open the door.
There is an open door here.
An orc comes into view. It is wielding a +0 club.
The orc shouts!
An orc is nearby!
A black bear comes into view.
You block the orc's attack.
The black bear growls angrily.
You sock the orc!
You kill the orc!
Things that are here:
a +0 club {mace}; a +0 leather armour The black bear bites you but does no damage.
The black bear barely misses you. You block the black bear's attack.
You barely miss the black bear.
The black bear bites you but does no damage.
You block the black bear's attack.
The black bear claws you but does no damage.
You sock the black bear!
You headbutt the black bear, but do no damage.
The black bear closely misses you. You furiously retaliate!
You headbutt the black bear! The black bear barely misses you.
The black bear claws you but does no damage.
You thump the black bear!
You kill the black bear! 😎 HP[+1]
You now have 79 max hp (+1).
Your hp is fully restored (79).
No target in view!
No target in view!
No target in view!
No target in view!
Things that are here:
a +0 club {mace}; a +0 leather armour
There is an open door here.
There is an iron altar of Okawaru here.
You kneel at the altar of Okawaru.
Okawaru welcomes you!
You open the door.
There is an open door here.
Key pressed, stopping explore.
You open the door.
There is an open door here.
Key pressed, stopping explore.
A hound comes into view.
The hound barks!
You hear a shout!
You hear a roar!
You hear a shout!
You hear an angry hiss.
A hound is nearby!
You bludgeon the hound!!
You kill the hound!
Okawaru accepts your kill.
An ogre comes into view. It is wielding a +0 giant club.
The ogre misses you. You furiously retaliate!
You headbutt the ogre. You sock the ogre! You headbutt the ogre.
You kill the ogre!
Okawaru accepts your kill.
A centaur comes into view.
A seven-headed hydra comes into view.
You sock the seven-headed hydra! The seven-headed hydra bites you!
The seven-headed hydra barely misses you.
The seven-headed hydra bites you but does no damage.
The seven-headed hydra bites you.
The seven-headed hydra bites you but does no damage.
You block the seven-headed hydra's attack.
The seven-headed hydra closely misses you. 😕 HP[-10]
You take 10 damage, and now have 69/79 hp.
You thump the seven-headed hydra! The seven-headed hydra bites you!
The seven-headed hydra closely misses you.
The seven-headed hydra bites you! x3
* * * LOW HITPOINT WARNING * * *
The seven-headed hydra bites you.
* * * LOW HITPOINT WARNING * * *
The seven-headed hydra bites you but does no damage.
You are too injured to fight recklessly!
You are too injured to fight recklessly! 😨 HP[-40]
You take 40 damage, and now have 29/79 hp.
MASSIVE DAMAGE!! (PAUSE)
You sock the seven-headed hydra!
The seven-headed hydra barely misses you.
You furiously retaliate!
You headbutt the seven-headed hydra. The seven-headed hydra bites you!
* * * LOW HITPOINT WARNING * * *
The seven-headed hydra closely misses you.
The seven-headed hydra bites you but does no damage.
The seven-headed hydra closely misses you.
The seven-headed hydra bites you!
* * * LOW HITPOINT WARNING * * *
The seven-headed hydra bites you!
You die...

Skill      XL: |  1  2  3  4  5  6  7  8 |
---------------+-------------------------+-----
Fighting       | 4 5 6 7 8 9 |  9.8
Axes           | 3 4 5 7 |  7.0
Maces & Flails | 3 5 |  5.9
Throwing       | 1 3 |  3.3
Armour         | |  3.6
Shields        | |  3.6

Action                   |  1- 3 |  4- 6 |  7- 9 || total
-------------------------+-------+-------+-------++-------
Melee: War axe           |    99 |   159 |       ||   258
       Headbutt          |    11 |    24 |    26 ||    61
       Flail             |       |       |   120 ||   120
  Use: Scroll            |       |     7 |     1 ||     8
Armor: Scale mail        |    42 |       |       ||    42
       Chain mail        |    14 |   103 |    76 ||   193
Dodge: Dodged            |    58 |    59 |    51 ||   168
Block: Buckler           |    25 |    40 |    31 ||    96

Levels and vault maps discovered:
D:1:      matt_arrival_diagonals, layout_rooms, minmay_misc_feat_hallway,
          minmay_indecisive_spiral
D:2:      layout_loops_ring, hellmonk_ecumenical_altar_run_dry, basic_altar,
          nicolae_elevator_lobby_plus
D:3:      layout_basic
D:4:      old_forge, layout_cave_pods, zin_treasury, serial_park,
          serial_park_avenue1, serial_park_square1
          [serial_park_minivault_5x5_1], uniq_edmund, uniq_natasha
D:5:      layout_loops_ring, fedhas_altar_3, nicolae_overflow_crystal_walls
D:6:      layout_basic, mainiacjoe_overflow_concentric_impassable, serial_shops,
          shop, minmay_door_square, moated_statue, minmay_manual_macuahuitl

Notes
Turn   | Place    | Note
-------+----------+-------------------------------------------
     0 | D:1      | Sanktem7 the Minotaur Fighter began the quest for the Orb.
     0 | D:1      | Reached XP level 1. HP: 19/19 MP: 0/0
     0 | D:1      | magus.rc [v1.9.6]
   114 | D:1      | Reached skill level 4 in Fighting
   117 | D:1      | Reached XP level 2. HP: 27/27 MP: 1/1
   159 | D:1      | Reached skill level 3 in Axes
   354 | D:1      | Reached XP level 3. HP: 26/34 MP: 2/2
  1035 | D:2      | Found a shimmering altar of Xom.
  1046 | D:2      | Reached skill level 4 in Axes
  1093 | D:2      | Found a faded altar of an unknown god.
  1154 | D:2      | Reached XP level 4. HP: 37/41 MP: 3/3
  1234 | D:2      | Reached skill level 5 in Fighting
  2412 | D:4      | Noticed Natasha
  2419 | D:4      | Killed Natasha
  2420 | D:4      | Reached XP level 5. HP: 23/48 MP: 4/4
  2857 | D:3      | Reached skill level 5 in Axes
  3095 | D:4      | Reached skill level 6 in Fighting
  3453 | D:4      | Noticed Natasha
  3463 | D:4      | Killed Natasha
  3464 | D:4      | Reached XP level 6. HP: 56/58 MP: 5/5
  3466 | D:4      | Noticed Natasha
  3471 | D:4      | Killed Natasha
  3539 | D:4      | Reached skill level 6 in Axes
  3818 | D:4      | Reached skill level 7 in Fighting
  3838 | D:4      | Found the +7 Singing Sword {vorpal, sonic wave}
  4016 | D:4      | Noticed Edmund
  4058 | D:4      | HP: 15/60 [Edmund/+4 vorpal flail (5)]
  4060 | D:4      | Killed Edmund
  4061 | D:4      | Reached skill level 7 in Axes
  4061 | D:4      | Reached XP level 7. HP: 16/66 MP: 6/6
  4363 | D:4      | Noticed a steam dragon
  4374 | D:4      | HP: 6/66 [steam dragon] (11)]
  4375 | D:4      | Killed a steam dragon
  4376 | D:4      | Reached skill level 1 in Maces & Flails
  4690 | D:4      | Reached skill level 8 in Fighting
  4690 | D:4      | Reached skill level 2 in Maces & Flails
  4690 | D:4      | Reached skill level 1 in Throwing
  4775 | D:4      | Found a glowing silver altar of Zin.
  4793 | D:5      | Entered Level 5 of the Dungeon
  4809 | D:5      | You pick up a book of Vapours and begin reading...
  4809 | D:5      | You add the spells Poisonous Vapours and Corpse Rot to your
                  | library.
  4826 | D:5      | Found a stormy altar of Qazlal.
  4956 | D:5      | Reached skill level 3 in Maces & Flails
  5090 | D:5      | Found a blossoming altar of Fedhas.
  5180 | D:5      | Reached XP level 8. HP: 75/75 MP: 7/7
  5207 | D:5      | Reached skill level 2 in Throwing
  5371 | D:5      | Reached skill level 4 in Maces & Flails
  5670 | D:5      | Reached skill level 9 in Fighting
  6019 | D:6      | Reached skill level 5 in Maces & Flails
  6324 | D:6      | Reached skill level 3 in Throwing
  6396 | D:6      | Found Qehaam's General Store.
  6419 | D:6      | Found an iron altar of Okawaru.
  6457 | D:6      | You pick up a book of Minor Magic and begin reading...
  6457 | D:6      | You add the spells Magic Dart, Call Imp and Mephitic Cloud
                  | to your library.
  6600 | D:6      | Became a worshipper of Warmaster Okawaru
  6708 | D:6      | Noticed a seven-headed hydra
  6711 | D:6      | HP: 7/79 [seven-headed hydra (13)]
  6711 | D:6      | Slain by a seven-headed hydra

Vanquished Creatures
  A steam dragon (D:4)
  Edmund (D:4)
  An orc warrior (D:5)
  A black bear (D:6)
  An ogre (D:6)
  A necrophage (D:6)
  A gnoll sergeant (D:4)
  5 scorpions
  2 hounds
  A jelly (D:5)
  An orc priest (D:5)
  A gnoll bouda (D:6)
  Natasha (thrice) (D:4)
  5 iguanas
  3 orc wizards (D:6)
  16 gnolls
  9 adders
  A shadow imp (D:6)
  A worm (D:2)
  3 dart slugs
  16 orcs
  8 endoplasms
  4 giant cockroaches
  5 goblins
  5 hobgoblins
  8 jackals (D:1)
  6 kobolds
  7 quokkas
  11 ball pythons
  18 bats
  2 frilled lizards (D:1)
  8 rats
156 creatures vanquished.

Vanquished Creatures (others)
  18 fungi
  4 plants (D:5)
22 creatures vanquished.

Grand Total: 178 creatures vanquished

Table legend:
 A = Non-vault XP
 B = Vault XP
 C = Vault XP percentage of total XP
 D = Non-vault monster count
 E = Vault monster count
 F = Vault count percentage of total count
                 A         B        C        D         E       F
            +---------+---------+-------+---------+---------+-------
      Total |    1924 |     567 |  22.8 |     136 |      20 |  12.8
            +---------+---------+-------+---------+---------+-------
        D:1 |      56 |       8 |  12.5 |      33 |       4 |  10.8
        D:2 |      54 |       0 |   0.0 |      16 |       0 |   0.0
        D:3 |      71 |       0 |   0.0 |      21 |       0 |   0.0
        D:4 |     526 |     404 |  43.4 |      20 |      14 |  41.2
        D:5 |     664 |       0 |   0.0 |      29 |       0 |   0.0
        D:6 |     553 |     155 |  21.9 |      17 |       2 |  10.5
            +---------+---------+-------+---------+---------+-------

Illustrated notes

Table legend:
 A = Kills in this place as a percentage of kills in entire the game.
 B = Kills by you in this place as a percentage of kills by you in the entire game.
 C = Kills by friends in this place as a percentage of kills by friends in the entire game.
 D = Other kills in this place as a percentage of other kills in the entire game.
 E = Experience gained in this place as a percentage of experience gained in the entire game.
 F = Experience gained in this place divided by the number of levels of this place that you have seen.
                   A       B       C       D       E      F
               +-------+-------+-------+-------+-------+----------------------
         Total | 100.0 | 100.0 |   N/A |   N/A | 100.0 | 415.2
       Dungeon | 100.0 | 100.0 |   N/A |   N/A | 100.0 | 415.2
               +-------+-------+-------+-------+-------+----------------------

Table legend: (Time is in decaauts)
 A = Elapsed time spent in this place.
 B = Non-inter-level travel time spent in this place.
 C = Inter-level travel time spent in this place.
 D = Time resting spent in this place.
 E = Time spent auto-exploring this place.
 F = Levels seen in this place.
 G = Mean time per level.
                   A        B        C        D        E       F      G
               +--------+--------+--------+--------+--------+-----+--------+
         Total |   6811 |   6667 |    144 |   1043 |   4614 |   6 | 1135.2 |
       Dungeon |   6811 |   6667 |    144 |   1043 |   4614 |   6 | 1135.2 |
               +--------+--------+--------+--------+--------+-----+--------+

Top non-repeatable levels by time:
     D:4: 1972 daAuts
     D:3: 1179 daAuts
     D:5: 1120 daAuts
     D:1: 884 daAuts
     D:2: 845 daAuts
     D:6: 809 daAuts
